[Event "13th Chennai Open 2022"]
[Site "Chennai"]
[Date "2022.06.23"]
[Round "7.1"]
[White "Nitin, S.."]
[Black "Vignesh B"]
[Result "1-0"]
[ECO "A08"]
[WhiteElo "2399"]
[BlackElo "2072"]
[Annotator "TA"]
[PlyCount "203"]
[EventDate "2022.06.19"]
[EventType "swiss"]
[EventCountry "IND"]
[SourceTitle "playchess.com"]
[Source "ChessBase"]
[SourceQuality "1"]
[TimeControl "5400+30"]

1. g3 Nf6 2. Bg2 d5 3. Nf3 g6 4. O-O Bg7 5. d3 O-O 6. Nbd2 c5 7. e4 Nc6 8. Re1 e5 9. exd5 Nxd5 10. a3 {[%emt 0:01:22] A08: King's Indian Attack.} b6 11. Rb1 {[%emt 0:01:07] [#]} f6 $146 ({Predecessor:} 11... Bb7 12. h4 Qd7 13. h5 Rae8 14. hxg6 hxg6 15. Ne4 Nc7 16. Nh4 Ne6 17. b4 cxb4 18. axb4 {1-0 (52) Pachow,J (2290)-Zieher,H (2230) Germany 1996}) 12. c4 {[%emt 0:10:26] aiming for Nxe5. The position is equal.} Nde7 13. b4 $1 Bf5 (13... Qxd3 14. b5 $14) 14. Ne4 Bxe4 15. Rxe4 Qd6 16. b5 Nd8 17. Bb2 Ne6 18. Qc2 Rad8 19. Rd1 Qc7 20. a4 Rd6 21. Nh4 Rfd8 (21... Qd7 {should be considered.}) 22. f4 $11 Nd4 23. Bxd4 Rxd4 24. Rxd4 Rxd4 25. fxe5 fxe5 (25... Qxe5 $2 26. Nf3 Qd6 27. Nxd4 Qxd4+ 28. Kh1 $18) 26. Be4 Rd8 27. a5 Qd6 28. axb6 axb6 29. Rf1 Rf8 30. Rxf8+ Kxf8 31. Nf3 Bf6 32. Qa4 Nf5 33. Qa8+ Kg7 34. Qb7+ Ne7 (34... Be7 $142) 35. Kf1 h5 36. Ke2 Qe6 37. Qc7 Kh6 (37... h4 $16 38. gxh4 Kh6) 38. Kf2 (38. h4 $1 $18) 38... h4 39. gxh4 (39. g4 $18 Bg5 40. h3 (40. Qxe5 Qxe5 41. Nxe5 Bf4 $16)) 39... Kg7 (39... Kh5 $16) 40. Ke2 Kh6 41. Kd2 (41. h3 $16) 41... Kg7 $2 (41... Kh5 $1 $14) 42. Kc2 $2 (42. Ng5 $18 Qg4 43. Nf3) 42... Kh6 $16 43. Kb3 (43. Qb8 $16) 43... Kg7 $2 (43... Bg7 $14) 44. h3 Kh6 {[%emt 0:00:34] Inhibits Ng5.} 45. Qb8 ({White should play} 45. Nh2 $16) 45... Nc8 $2 ({Black should try} 45... Bg7 $14) 46. Qc7 (46. Qa8 $18) 46... Ne7 47. Ka3 (47. Nh2 $16) 47... Nf5 $2 (47... Bg7 $1 $14) 48. Qc6 $18 Nd6 49. Ka4 (49. Bd5 Qf5 50. Qxd6 Qf4 $18) (49. Kb3 $18 {has better winning chances.}) 49... Bd8 (49... Qxh3 $16 50. Qxd6 Qf1) 50. Bd5 $2 (50. Ng5 $1 $18 Qe7 51. Qxd6 $3 Qxd6 52. Nf7+ Kh5 53. Nxd6) 50... Qf6 $14 51. Be4 $2 (51. Nh2 $14 Qe7 52. Ng4+ Kg7 53. h5) 51... Qe6 $1 $18 52. Kb3 $2 (52. Ng5 $1 $18 Qe7 53. Qxd6 $3 Qxd6 54. Nf7+ Kh5 55. Nxd6) 52... Qf6 $16 53. Qd5 Nf7 (53... Kg7 $16) 54. Qd7 $18 Qe7 55. Qc6 {[%emt 0:03:09][%csl Ge4][%cal Rc6g6] 0x0.0022fb2889cfdp-1022s more active pieces.} Qf6 56. Qe8 Be7 57. Bd5 (57. Qd7 $142) 57... Nd6 $16 58. Qg8 $40 {[%emt 0:00:00][%mdl 128] White threatens Nh2 and mate. Black is in trouble.} Qf8 (58... Nf5 $16 {was necessary.}) 59. Qxf8+ $18 (59. Nxe5 $6 Qxg8 60. Bxg8 Nf5 $16) 59... Bxf8 60. Nxe5 {[%emt 0:00:01][%mdl 4096] Endgame KBN-KBN} Be7 61. Be4 (61. Nd7 $18 Bd8 62. Be6) 61... Bf6 $2 (61... Bd8 $16 62. Kc2 (62. Bxg6 Bf6 $16) 62... Bc7) 62. Nd7 $2 (62. Ng4+ $18 Kg7 63. Nxf6 Kxf6 64. Kc2) 62... Bd8 $16 63. Nf8 Bf6 {[%emt 0:00:49] [#]} (63... Kh5 $16 64. Nxg6 Bc7) 64. Kc2 $1 $18 ({Stronger than} 64. Bxg6 Be7 65. Nd7 Kxg6 $11) (64. Nd7 Bd8 65. Bf3 Kg7) 64... Kh5 (64... Kg7 $142) 65. Nxg6 ({Much less strong is} 65. Nd7 $6 Bd8 66. Kc3 Bc7 $16) 65... Bxh4 $2 (65... Bd8 66. Kd1 Bc7) 66. Nf4+ Kh6 67. Kd1 {[%emt 0:00:30] Ke2 is the strong threat.} Bf6 $2 (67... Nc8 {might work better.} 68. Ke2 Bf6) 68. Ke2 Kg5 69. Kf3 Kh4 70. Kg2 Bd8 71. Ng6+ (71. Ne6 $142 Be7 72. Nf4) 71... Kg5 72. Ne5 Kf4 73. Ng6+ (73. Nc6 $16 Bf6 74. Bg6) 73... Kg5 74. Nf8 {[%emt 0:01:02] Threatens to win with Ne6+.} Kh4 $2 (74... Kf6 75. Kf3 Nf7) 75. Bd5 (75. Kf3 $142 {Hoping for Ne6.} Bg5 76. Ng6+ Kh5 77. Nf4+ Kh6 78. Nd5) 75... Nf5 76. Be6 Nd4 {[%emt 0:00:46] [#]} 77. Bg4 $1 Bc7 78. Kf2 Kg5 79. Ke3 Kf6 80. Ke4 Ke7 81. Nd7 Kd6 82. Ne5 {[%emt 0:00:47] Strongly threatening h4.} Nb3 (82... Ke7 $142 83. Ng6+ Kf7) 83. Nf3 Bd8 84. Ne5 $2 ({Better is} 84. h4 $18) 84... Bf6 $2 (84... Bc7 $1 $11 85. Ng6 Bd8) 85. Ng6 Nd2+ 86. Kf5 Bg7 (86... Bc3 $142 87. Nf4 Nf1) 87. h4 Nf1 88. Kg5 Bc3 89. h5 {[%emt 0:00:21] And now h6 would win.} Bd2+ 90. Kf6 Ne3 91. Bh3 {[%emt 0:00:49] Black must now prevent Kg7.} Nc2 92. Kg7 Ne1 93. Bf5 Bc3+ 94. Kh7 Nf3 95. h6 Bd2 96. Kg7 Nd4 97. Bg4 Ne6+ 98. Bxe6 {[%emt 0:00:39] White mates.} Kxe6 99. h7 Bc3+ 100. Kg8 Kf5 101. Ne7+ Kg4 102. Nd5 {[%emt 0:00:06][%csl LRb6,LRc3] Weighted Error Value: White=0.41/Black=0.40} 1-0

[Event "13th Chennai Open 2022"]
[Site "Chennai"]
[Date "2022.06.23"]
[Round "7.2"]
[White "Fedorov, Alexei"]
[Black "Savchenko, Boris"]
[Result "1/2-1/2"]
[ECO "B90"]
[WhiteElo "2529"]
[BlackElo "2524"]
[Annotator "TA"]
[PlyCount "20"]
[EventDate "2022.06.19"]
[EventType "swiss"]
[EventCountry "IND"]
[SourceTitle "playchess.com"]
[Source "ChessBase"]
[SourceQuality "1"]
[TimeControl "5400+30"]

1. e4 c5 2. Nf3 d6 3. d4 cxd4 4. Nxd4 Nf6 5. Nc3 a6 6. Be3 Ng4 7. Bc1 {[%emt 0:00:00] [#]} Nf6 $146 ({Predecessor:} 7... Nc6 8. Be2 Qb6 9. Bxg4 Qxd4 10. Qe2 Ne5 11. Bxc8 Rxc8 12. O-O e6 13. Rd1 Qc4 14. Qxc4 Rxc4 15. a4 Be7 16. f3 g5 17. Be3 {1-0 (63) Dominguez Perez,L (2758)-Duda,J (2738) chess24.com INT 2021}) 8. Be3 Ng4 9. Bc1 Nf6 10. Be3 Ng4 {[%emt 0:00:00] Recently 10...Nbd7 got a lot of attention.} 1/2-1/2

[Event "13th Chennai Open 2022"]
[Site "Chennai"]
[Date "2022.06.23"]
[Round "7.3"]
[White "Abdyjapar, Asyl"]
[Black "Tran, Tuan Minh"]
[Result "1/2-1/2"]
[ECO "A45"]
[WhiteElo "2346"]
[BlackElo "2533"]
[Annotator "TA"]
[PlyCount "134"]
[EventDate "2022.06.19"]
[EventType "swiss"]
[EventCountry "IND"]
[SourceTitle "playchess.com"]
[Source "ChessBase"]
[SourceQuality "1"]
[TimeControl "5400+30"]

1. d4 Nf6 2. Bf4 c5 3. d5 Qb6 4. Nc3 g6 5. e4 Nxe4 6. Nxe4 {[%emt 0:13:09] A45: Trompowsky Attack.} Qb4+ 7. Qd2 Qxe4+ {[%emt 0:00:06] [#]} 8. Ne2 $146 ({Predecessor:} 8. Be2 Bg7 9. c3 d6 10. Nf3 Bf5 11. Rc1 Qa4 12. b3 Qa5 13. O-O O-O 14. Rfe1 {1-0 (52) Tisaj,D (2239)-Solmajer,L (2054) Portoroz 2020}) 8... Bg7 9. O-O-O Na6 10. d6 O-O ({Black should play} 10... e6 $1 $14) 11. a3 (11. Nc3 $16 Bxc3 12. bxc3) 11... b5 (11... e6 $11 {keeps the balance.}) 12. Ng3 $36 {[%emt 0:07:12][%mdl 2048] White has strong initiative.} Qe6 13. dxe7 Re8 14. Bxb5 {[%emt 0:02:35] Threatens to win with c3. White is more active.} c4 $2 (14... Qb6 $16 {is a better defense.} 15. a4 (15. Qe2 Qf6 $17) 15... Rxe7) 15. Qd6 {[%emt 0:08:43] Rhe1 is the strong threat.} ({Stronger than} 15. Bxd7 c3 16. Bxe6 (16. bxc3 $2 Qa2 $19) 16... cxd2+ 17. Rxd2 Bxe6 $17) 15... c3 {[%emt 0:02:00][%cal Oe6a2] ( -> ...Qa2!)} 16. b3 Rxe7 17. Bc4 Qxd6 18. Bxd6 ({Weaker is} 18. Rxd6 Nc7 $14) 18... Re6 19. Bxe6 dxe6 20. f3 Bb7 21. Rhe1 Rc8 22. Be5 Bh6+ 23. Kb1 {[%emt 0:00:05] Strongly threatening Ne4.} Bd2 24. Re2 {[%emt 0:00:48] aiming for Ne4.} Nc5 25. Rexd2 cxd2 26. Rxd2 Bd5 27. Kb2 Nd7 28. Bd4 a6 29. c4 Bc6 30. Ne2 e5 31. Be3 f5 32. Nc3 Kf7 33. b4 f4 34. Bf2 Ke6 35. Kb3 g5 36. b5 axb5 37. cxb5 Ba8 38. Ne4 Bd5+ 39. Kb2 h6 40. a4 g4 41. Rc2 Ra8 (41... Rc4 $142) 42. Ka3 $18 gxf3 43. gxf3 Nf6 44. Nd2 Rg8 (44... Rb8 $142 45. Be1 Ba8) 45. a5 {[%emt 0:02:14] Black must now prevent a6.} Rg2 46. Nb3 $1 Bxf3 {[%emt 0:01:00] [#]} 47. b6 $2 (47. Nc5+ $1 $18 Kf5 48. b6) 47... Nd7 $11 (47... Rxh2 48. a6 Rh3 49. Nc5+ Kf5 50. Kb2 $18) 48. Kb4 Rxh2 49. Rd2 Bd5 (49... Bb7 $5 ) 50. a6 Rxf2 $2 51. Rxf2 $18 {[%emt 0:00:30] And now Nc5+ would win.} Nxb6 $11 {[%emt 0:00:07][%mdl 4096] Endgame KRN-KBN} 52. Rh2 Na8 53. Rxh6+ Kf5 54. Nd2 Bg2 (54... Nc7 $142 55. a7 e4 56. Rh5+ Ke6) 55. Rh8 $18 Nc7 56. a7 e4 57. Rf8+ Kg4 58. Rg8+ Kh3 {[%emt 0:00:01] [#]} 59. Rxg2 $1 Kxg2 60. Nxe4 {[%emt 0:00:03] KN-KN} Kf3 {[%emt 0:00:24] [#]} 61. Nf6 $1 Ke3 62. Kc5 f3 63. Nd5+ $2 (63. Ng4+ $18 Kf4 64. Nh2) 63... Nxd5 $1 $11 64. a8=Q f2 65. Qa6 $2 ({And not} 65. Qxd5 f1=Q $11) ({White must play} 65. Qa3+ $18 Ke4 66. Qa4+ Kf3 67. Qd1+ Kg3 68. Kd4) 65... Nc3 {[%emt 0:00:42] The position is equal.} 66. Qf1 {[%emt 0:00:28] Hoping for Kc4.} Ne4+ 67. Kd5 Ng3 {[%emt 0:00:26] Weighted Error Value: White=0.18 (very precise) /Black=0.43} 1/2-1/2

[Event "13th Chennai Open 2022"]
[Site "Chennai"]
[Date "2022.06.23"]
[Round "7.4"]
[White "Konguvel, Ponnuswamy"]
[Black "Aronyak Ghosh"]
[Result "1/2-1/2"]
[ECO "B17"]
[WhiteElo "2331"]
[BlackElo "2494"]
[Annotator "TA"]
[PlyCount "88"]
[EventDate "2022.06.19"]
[EventType "swiss"]
[EventCountry "IND"]
[SourceTitle "playchess.com"]
[Source "ChessBase"]
[SourceQuality "1"]
[TimeControl "5400+30"]

1. e4 c6 2. d4 d5 3. Nc3 dxe4 4. Nxe4 Nd7 5. Ng5 Ngf6 6. Bd3 e6 7. N1f3 Bd6 8. Qe2 h6 9. Ne4 Nxe4 10. Qxe4 Nf6 11. Qe2 Qb6 12. O-O {[%emt 0:10:29] B17: Caro-Kann: Modern Line (4...Nd7).} O-O 13. c4 {[%emt 0:04:41] [#] Threatens to win with c5.} c5 14. Be3 {[%emt 0:12:06] White has an edge.} Qc7 15. dxc5 Bxc5 16. Bd2 {[%emt 0:01:05] [#]} a5 $146 ({Predecessor:} 16... Bd6 17. Bc3 Ng4 18. Nd4 Bxh2+ 19. Kh1 Bg1 20. Nf3 Bxf2 21. Ne5 Qc5 22. Qxg4 f5 {1-0 (41) Adla,D (2455)-Slipak,S (2405) Buenos Aires 1993}) 17. Bc3 b6 18. Ne5 Bb7 19. Rad1 Rfd8 20. Bc2 Bb4 21. Bd4 Bc5 22. Bc3 Rxd1 23. Rxd1 Rd8 24. a3 Rxd1+ 25. Qxd1 Ne4 26. Bxe4 Bxe4 27. Qd7 Qxd7 28. Nxd7 a4 29. Nxc5 bxc5 $11 {[%emt 0:00:05][%mdl 4096] Endgame KB-KB} 30. Be5 Bd3 31. Bd6 Bxc4 32. Bxc5 g5 33. f3 f6 34. Kf2 Kf7 35. Ke3 e5 36. g3 Ke6 37. Bf8 h5 38. h4 Kf5 39. Be7 {[%emt 0:00:27] The position is equal.} Ke6 40. Bd8 gxh4 41. gxh4 Kf5 42. Be7 Ke6 43. Bd8 Kf5 44. Be7 Ke6 {[%emt 0:00:02] Weighted Error Value: White=0.03 (flawless) /Black=0.02 (flawless)} 1/2-1/2

[Event "13th Chennai Open 2022"]
[Site "Chennai"]
[Date "2022.06.23"]
[Round "7.5"]
[White "Saravana, Krishnan P."]
[Black "Deepan Chakkravarthy J."]
[Result "1/2-1/2"]
[ECO "B30"]
[WhiteElo "2269"]
[BlackElo "2478"]
[Annotator "TA"]
[PlyCount "99"]
[EventDate "2022.06.19"]
[EventType "swiss"]
[EventCountry "IND"]
[SourceTitle "playchess.com"]
[Source "ChessBase"]
[SourceQuality "1"]
[TimeControl "5400+30"]

1. e4 c5 2. Nf3 Nc6 3. Bb5 e6 4. O-O Nge7 5. d4 cxd4 6. Nxd4 Qb6 {[%emt 0:00:03] 6...Ng6 is the hot move.} 7. Nxc6 {[%emt 0:01:15] B30: Sicilian: 2...Nc6 3 Bb5, lines without ...g6.} bxc6 8. Bd3 Ng6 9. Nc3 {[%emt 0:00:15] [#] White is slightly better.} Bd6 $146 ({Predecessor:} 9... Be7 10. Na4 Qc7 11. c4 c5 12. f4 Bb7 13. Nc3 O-O 14. Qh5 Qd6 15. Qe2 f5 {1-0 (47) Hou,Y (2658)-Muzychuk,M (2544) Chess.com INT 2020}) 10. Kh1 e5 (10... Nf4 {is interesting.} 11. Bc4 Be5 12. g3 Ng6) 11. Ne2 O-O 12. Ng3 Bc5 13. Nf5 d5 14. Qh5 Re8 (14... Bxf2 $2 15. Nxg7 Qd4 16. Nf5 Bxf5 17. exf5 $18 (17. Qxf5 Be3 $16)) 15. Be3 Bxf5 16. Qxf5 Re6 17. Bxc5 Qxc5 18. g3 (18. Qf3 $11) 18... Qb6 (18... Rf6 $15 19. Qg4 Rxf2) 19. Qf3 $11 Rd8 20. Qe3 Qxe3 21. fxe3 Ne7 22. Kg1 h5 23. a4 Rb8 24. b3 g6 25. exd5 cxd5 26. e4 dxe4 27. Bc4 Rc6 28. Bxf7+ Kg7 29. Bc4 {[%emt 0:00:31] [#] Rf7+ is the strong threat.} Nf5 $1 30. Bd5 (30. Rad1 {looks sharper.} Ne3 31. Rd7+ Kh6 32. Rff7) 30... Rc5 (30... Rxc2 $11 31. Bxe4 Re2) 31. Bxe4 $14 Nd6 32. Rae1 (32. Bg2 $14 {should be considered.}) 32... Nxe4 $11 {[%emt 0:00:33] The position is equal.} 33. Rxe4 Rxc2 34. Rxe5 Rxb3 {[%emt 0:00:04][%mdl 4096] [#] Endgame And now ...Rbb2 would win. KRR-KRR} 35. Re7+ Kh6 36. Rf2 $1 ({Much weaker is} 36. Rxa7 Rbb2 37. Rf3 Rg2+ 38. Kh1 Rxh2+ 39. Kg1 Rbg2+ 40. Kf1 Ra2 $17) 36... Rxf2 37. Kxf2 {[%emt 0:00:05] KR-KR} Rb2+ 38. Kg1 Ra2 39. Rxa7 Kg5 40. Ra6 h4 41. gxh4+ Kxh4 42. a5 Kh3 43. Ra8 Rg2+ 44. Kf1 Ra2 45. Kg1 Rg2+ 46. Kf1 {[%emt 0:00:03] Threatening mate with Rh8+.} Ra2 47. a6 {[%emt 0:01:23] Strongly threatening a7.} Kxh2 48. a7 {[%emt 0:00:06] Rh8+ would kill now.} Kg3 49. Rg8 Rxa7 50. Rxg6+ {[%emt 0:00:03] Weighted Error Value: White=0.07 (flawless) /Black=0.07 (flawless)} 1/2-1/2

[Event "13th Chennai Open 2022"]
[Site "Chennai"]
[Date "2022.06.23"]
[Round "7.6"]
[White "Ajay Karthikeyan"]
[Black "Baghdasaryan, Vahe"]
[Result "1/2-1/2"]
[ECO "B51"]
[WhiteElo "2436"]
[BlackElo "2267"]
[Annotator "TA"]
[PlyCount "88"]
[EventDate "2022.06.19"]
[EventType "swiss"]
[EventCountry "IND"]
[SourceTitle "playchess.com"]
[Source "ChessBase"]
[SourceQuality "1"]
[TimeControl "5400+30"]

1. e4 c5 2. Nf3 Nc6 3. Bb5 d6 4. O-O Bd7 5. Re1 Nf6 6. c3 a6 7. Bf1 Bg4 8. h3 Bxf3 9. Qxf3 e6 {[%emt 0:00:12] The modern move. B51: Sicilian: Moscow Variation (3 Bb5+) without 3...Bd7.} 10. d3 Be7 11. Nd2 O-O {[%emt 0:05:46] The position is equal.} 12. Qg3 d5 13. e5 Nd7 14. Nf3 Kh8 {[%emt 0:00:11] [#]} 15. h4 $146 ({Predecessor:} 15. Bd2 Qc7 16. a3 Rac8 17. d4 Na5 18. Rab1 Nc4 19. Bf4 cxd4 20. cxd4 Qb6 21. Bd3 {1-0 (48) Thompson,B (2324)-Cumming,D (2306) ICCF email 2016}) 15... b5 16. Qg4 Rb8 17. g3 d4 18. Qe4 Qc7 19. Bg2 dxc3 20. bxc3 b4 21. Ng5 Bxg5 22. Bxg5 Rb6 (22... Rfc8 $1 $11 {remains equal.}) 23. d4 $16 c4 24. d5 {[%emt 0:04:39] White is more active.} (24. Rec1 $16) 24... exd5 $11 25. Qxd5 {[%emt 0:00:30] Strongly threatening Be3.} Ncxe5 26. Be7 {[%emt 0:00:30][%csl LRb4,LRf8] A strong pair of Bishops.} Re8 27. Bxb4 {[%emt 0:00:30] Black must now prevent Ba5.} Rbe6 28. Rf1 Nd3 29. Ba5 Nb6 (29... Qc8 $5 30. Bh3 R6e7 $14) 30. Bxb6 Rxb6 31. Rab1 {[%emt 0:00:30] Hoping for Rxb6.} Rxb1 (31... Rd8 $11 {is more appropriate.} 32. Qa5 Rdb8) 32. Rxb1 $14 {[%emt 0:00:30] Threatens to win with Rb7.} Qa7 33. Qf3 {[%emt 0:00:30] aiming for Rb7.} f6 {[%emt 0:00:30] [#]} ({Black should play} 33... Qe7 $14) 34. Bf1 (34. Qf5 $1 $16) 34... Ne5 35. Qd5 $40 {[%emt 0:00:30][%mdl 128] White has strong attack.} Ng4 (35... Qc7 $142) 36. Qd4 $16 Qxd4 37. cxd4 {[%emt 0:00:30][%mdl 4096] Endgame KRB-KRN} c3 38. Rc1 Rc8 (38... g5 $16 39. hxg5 (39. Rxc3 gxh4 40. gxh4 Rd8 $16) (39. Bxa6 gxh4 40. gxh4 Rd8 $18) 39... fxg5 40. Rxc3 Rd8) 39. Bxa6 $18 Rc7 40. Bd3 g6 41. a4 f5 42. a5 Nf6 43. a6 Nd5 {[%emt 0:00:30] [#]} 44. Ra1 $2 (44. Rb1 $1 $18 ) 44... Ra7 {[%emt 0:00:30] Weighted Error Value: White=0.19 (very precise) /Black=0.23 (precise)} 1/2-1/2

[Event "13th Chennai Open 2022"]
[Site "Chennai"]
[Date "2022.06.23"]
[Round "7.7"]
[White "Jubin Jimmy"]
[Black "Srihari L R"]
[Result "0-1"]
[ECO "E36"]
[WhiteElo "2259"]
[BlackElo "2404"]
[Annotator "TA"]
[PlyCount "78"]
[EventDate "2022.06.19"]
[EventType "swiss"]
[EventCountry "IND"]
[SourceTitle "playchess.com"]
[Source "ChessBase"]
[SourceQuality "1"]
[TimeControl "5400+30"]

1. d4 Nf6 2. c4 e6 3. Nc3 Bb4 4. Qc2 O-O 5. a3 Bxc3+ 6. Qxc3 d5 7. Bg5 c5 {[%emt 0:00:40] E36: Nimzo-Indian: Classical: 4...d5 5 a3.} 8. dxc5 {[%emt 0:03:57] Threatening Bxf6.} d4 9. Qg3 {[%emt 0:00:11] 9.Qf3 is the modern continuation.} Nbd7 {[%emt 0:00:10] The position is equal.} 10. Nf3 e5 $1 11. Nxe5 Nxc5 {[%emt 0:00:47][%cal Oh7h6] [#]} 12. O-O-O $146 (12. Qf3 $11) ({Predecessor:} 12. Nd3 Nce4 13. Bxf6 Nxf6 14. e3 Re8 15. O-O-O dxe3 16. fxe3 Bg4 17. Rd2 Qb6 18. Be2 Bxe2 19. Rxe2 {½-½ (75) Georgiev,K (2669)-Kosintseva,N (2552) Caleta 2011}) 12... Re8 $2 (12... Bf5 $1 $19 13. b4 (13. Bh6 $2 Nh5 $19) 13... Nce4) 13. Qf4 $11 (13. Bh6 $2 Nh5 14. Qg5 Qxg5+ 15. Bxg5 Rxe5 $19) 13... Qa5 14. Bxf6 gxf6 15. Nf3 (15. Qxf6 $2 Rxe5 $1 16. g4 Nb3+ 17. Kc2 Re6 $19) (15. Nd3 $11) 15... Re4 $1 $19 16. Qxf6 {[%emt 0:10:10] [#]} Bf5 $1 17. Rd3 {[%emt 0:07:59][%cal Oc1b1] Against Nb3+} (17. Ng5 $2 Nb3+ 18. Kb1 Rxe2+ 19. Qxf5 Qxf5+ $19) (17. Nd2 Re6) 17... Bg6 {[%emt 0:07:14] aiming for ...Rae8. Active counter play!} 18. Kb1 Qa4 19. Qg5 (19. Nxd4 $142 Nxd3 20. exd3 Qd1+ 21. Ka2) 19... Rc8 $1 20. h4 h5 21. Ne5 (21. g4 $142 Rxg4 22. Qd2) 21... Nxd3 $2 (21... Rxe5 22. Qxe5 Qxc4) 22. exd3 {[%emt 0:01:23] [#]} Re1+ (22... Rxe5 $1 $19 23. Qxe5 Re8 24. Qxd4 Re1+ 25. Ka2 Qc2) 23. Ka2 $15 Kg7 (23... Qa5 $15 24. f4 Rc6 $1 25. Nxc6 Qxg5 26. hxg5 bxc6) 24. Nf3 (24. Nxg6 $11 {was the only way to keep the balance.} fxg6 25. Qd5) 24... Rd1 {[%emt 0:04:13] The board is on fire.} 25. Nxd4 {[%emt 0:03:15] Nf5+ is the strong threat.} Qd7 {[%emt 0:01:07] Inhibits Nf5+.} 26. Nb5 Re8 (26... f6 $17 27. Qg3 Re8) 27. Nc3 $11 ({Don't go for} 27. Nxa7 $2 Ree1 28. Nb5 Ra1+ 29. Kb3 Rxf1 $19) 27... Rde1 ({But not} 27... f6 28. Qf4 Rde1 29. Nd5 $11) 28. Nd5 {[%emt 0:00:30] Black must now prevent Qf6+.} Qf5 $36 {[%emt 0:00:30][%mdl 2048] Inhibits Qf6+. Threatens to win with ...Qxg5. White is under pressure.} 29. Qd2 b5 {[%emt 0:00:30] Strongly threatening ...bxc4.} 30. Qc3+ (30. Nc7 $1 $14 {is the one way to stay ahead.}) 30... Qe5 $19 ({Not} 30... f6 31. g4 Qe5 32. gxh5 Qxc3 33. Nxc3 $17) 31. d4 $2 (31. Nc7 {was worth a try.} Re7 32. Nxb5) 31... Qf5 {[%emt 0:00:30] ( -> ...Qb1+)} 32. Ne3 $2 (32. Bd3 Qxd3 33. Rxe1 Rxe1 34. Qxe1 Qxc4+ 35. Ka1 Qxd5 36. Qe5+ Qxe5 37. dxe5) 32... Qb1+ {[%emt 0:00:30] Black is clearly winning.} 33. Kb3 {[%emt 0:00:30] [#]} bxc4+ (33... R1xe3 $142 $1 34. Qxe3 bxc4+ 35. Bxc4 Rxe3+ 36. fxe3 Qxh1) 34. Kb4 (34. Ka4 $142 R8xe3 35. fxe3) 34... Rb8+ {[%emt 0:00:30][%cal Be8b8,Bb8b2,Bb2f2,Bf2f1][%mdl 96] Skewer} 35. Kc5 {[%emt 0:00:30] [#]} Qxb2 36. Qxb2 Rxb2 37. Nxc4 Rxf2 38. d5 Rexf1 39. Rxf1 Rxf1 {[%emt 0:00:30] Weighted Error Value: White=1.28/Black=0.59} 0-1

[Event "13th Chennai Open 2022"]
[Site "Chennai"]
[Date "2022.06.23"]
[Round "7.8"]
[White "Stupak, Kirill"]
[Black "Pawar, Harshit"]
[Result "1-0"]
[ECO "B07"]
[WhiteElo "2440"]
[BlackElo "1961"]
[Annotator "TA"]
[PlyCount "127"]
[EventDate "2022.06.19"]
[EventType "swiss"]
[EventCountry "IND"]
[SourceTitle "playchess.com"]
[Source "ChessBase"]
[SourceQuality "1"]
[TimeControl "5400+30"]

1. e4 c5 2. c3 d6 3. d4 Nf6 4. Bd3 e5 5. dxe5 dxe5 6. Nf3 Nc6 7. O-O {B07: Pirc Defence: Miscellaneous Systems.} a6 8. a4 Be7 9. Qe2 {White has an edge.} Qc7 10. h3 O-O 11. Bg5 Nh5 12. Be3 Be6 13. Nbd2 Rad8 {[#]} 14. Rfd1 $146 ({Predecessor:} 14. Bc4 Bxc4 15. Nxc4 h6 16. a5 Nf4 17. Bxf4 exf4 18. Nb6 Bd6 19. Rfd1 Qe7 20. Nd2 {0-1 (42) Smirnov,P (2422)-Landa,K (2542) Tomsk 1999}) 14... Na5 15. Bc2 g6 16. Nh2 Rd7 (16... Kg7 {looks sharper.} 17. Nhf3 Rfe8 18. Ng5 Bxg5 19. Bxg5 Nf4) 17. Ng4 Rfd8 18. Nh6+ Kh8 19. Qf3 Nf4 20. Ng4 f6 21. Nh2 Kg7 22. Nhf1 Nd3 23. b3 Nb2 (23... Nf4 $17) 24. Rdb1 $11 Nd3 25. h4 (25. Rd1 $1 $11) 25... h5 {White must now prevent ...Bg4.} 26. g3 Bg4 27. Qh1 {[#]} Be6 (27... Nf4 $1 $17 {Hoping for ...Ne2+.} 28. f3 (28. gxf4 exf4 29. Nc4 Nxc4 $17) 28... Nh3+ 29. Kh2 Be6) 28. f3 (28. Qf3 $11) 28... c4 29. b4 {Against Bc5} Nb3 30. Nxb3 cxb3 31. Bxb3 Bxb3 32. Rxb3 Qc4 33. Nd2 Qe6 34. Qh2 {[#]} a5 (34... f5 $1 $17 {[%cal Of5f4] And now ...f4! would win.} 35. exf5 gxf5) 35. bxa5 Bc5 {Prevents Rb6.} 36. Bxc5 Nxc5 37. Rb2 Nd3 (37... Rd3 $15) 38. Rc2 Qc6 39. Nf1 $1 Nc5 40. Ne3 (40. Qe2 $14) 40... Rd3 (40... f5 $11) 41. Qf2 $14 Nb3 (41... Qc7 $14) 42. Re1 ({Only move:} 42. Rb1 $16 Nc5 43. Nd5) 42... Qxa4 (42... Rxc3 $11 {is more appropriate.} 43. Rxc3 Qxc3) 43. Ra2 ({White should play} 43. Nd5 $14) 43... Qc6 $11 44. Nd5 Qc4 (44... R8xd5 $11 45. exd5 Qxc3) 45. Qb6 (45. Rb1 $16) 45... Rf8 $2 (45... Qc5+ $14 46. Kg2 Qxb6 47. axb6 Rd7) 46. Rf2 $2 (46. Qxb7+ $18 {and the rest is easy.} Rf7 47. Qb4 Qxb4 48. cxb4) 46... Rf7 $16 {[#]} 47. Qb4 {Prevents Qa4. White is more active.} (47. Kg2 $1 $16) 47... Qxb4 $14 48. cxb4 f5 {Black is now going downhill.} (48... Nd4 $14 49. Kg2 Rb3) 49. Re3 $36 {[%mdl 2048] Keeping Black busy.} fxe4 (49... Rxe3 $16 {keeps fighting.} 50. Nxe3 Nd4) 50. fxe4 $18 Rd1+ 51. Kg2 Rxf2+ (51... Rd2 $142 52. Rxd2 Nxd2) 52. Kxf2 {[%mdl 4096] Endgame KRN-KRN} Nd4 53. Rc3 {Threatens to win with Rc7+.} Rd2+ 54. Ke3 Rg2 55. Rc7+ Kh8 $2 (55... Kh6 56. Rxb7 Rxg3+ 57. Kd2 g5) 56. Rxb7 {White threatens Nf6 and mate.} Rxg3+ 57. Kd2 {Threatening mate with Nf6.} Ra3 58. Nc7 (58. Nf6 $142 Nf3+ 59. Kc1 Ng5 60. hxg5 Rc3+ 61. Kd2 Rc2+ 62. Kxc2 h4 63. Rh7#) 58... Nb3+ 59. Ke2 {aiming for a6.} Nd4+ 60. Kd1 Ra1+ $2 (60... g5 {is more resistant.}) 61. Kd2 {White is clearly winning.} Nb3+ 62. Kc2 Nxa5 63. Ra7 Ra2+ 64. Kb1 {[%emt 0:32:00] Weighted Error Value: White=0.46/Black=0.56} 1-0